Map: Abyssal Reef LE

Players

Snute

  • Race: Zerg Zerg
  • Spawn Location: 5:00

Neeb - Winner!

  • Race: Protoss Protoss
  • Spawn Location: 11:00

Event: WCS Montreal 2017

VOD

Have the link to the VOD?

Description

Time

  • Played on: Sept. 10, 2017, 1:58 p.m.
  • Length: 9:03

All games in this series

Show
View Real Time Build Order
Export as new Build Order

Snute Zerg 

Build Orders: Hatch First 

Get SALT Encoding   

  12  0:00  Drone  
  13  0:12  Overlord  
  13  0:17  Drone  
  14  0:30  Drone x2  
  14  0:33  Drone  
  17  0:52  Hatchery  
  17  0:54  Drone  
  17  0:58  Drone  
  17  1:00  Extractor  
  17  1:14  Spawning Pool  
  17  1:18  Drone  
  17  1:19  Drone  
  18  1:27  Drone  
  19  1:38  Overlord  
  19  1:48  Drone  
  20  2:01  Queen, Metabolic Boost  
  20  2:04  Queen  
  20  2:05  Zergling x2  
  25  2:09  Zergling x2  
  25  2:12  Drone  
  25  2:15  Drone  
  28  2:21  Drone  
  29  2:26  Drone  
  30  2:31  Drone  
  30  2:36  Drone  
  32  2:38  Pneumatized Carapace  
  32  2:50  Hatchery  
  31  2:53  Zergling x2  
  31  2:57  Overlord  
  32  2:58  Drone  
  33  3:06  Drone x2  
  33  3:08  Drone  
  36  3:13  Overlord  
  36  3:16  Drone x3  
  36  3:17  Drone  
  40  3:20  Drone  
  40  3:23  Overlord  
  41  3:27  Drone  
  41  3:28  Drone  
  43  3:37  Drone  
  43  3:39  Drone  
  44  3:42  Drone x3  
  44  3:47  Drone x3  
  49  3:51  Drone, Roach Warren  
  50  3:55  Zergling x2  
  50  4:03  Extractor  
  50  4:05  Extractor, Zergling x6  
  50  4:06  Queen  
  53  4:14  Overlord, Zergling x4  
  53  4:15  Zergling x4  
  57  4:21  Spore Crawler  
  57  4:23  Spore Crawler  
  55  4:24  Spore Crawler  
  54  4:32  Roach x5  
  54  4:36  Roach  
  54  4:37  Roach x2  
  70  4:43  Roach  
  74  4:45  Roach  
  74  4:51  Overlord  
  73  4:56  Overlord  
  73  4:58  Drone  
  73  5:00  Lair  
  73  5:02  Overlord  
  73  5:04  Spore Crawler  
  71  5:09  Drone  
  71  5:10  Drone  
  71  5:11  Drone x2  
  73  5:14  Drone x2  
  73  5:19  Drone  
  73  5:20  Drone x2  
  73  5:21  Drone  
  78  5:23  Drone  
  78  5:24  Drone  
  78  5:27  Drone  
  79  5:40  Zergling x8  
  72  5:59  Hydralisk Den  
  72  6:02  Overseer, Glial Reconstitution  
  71  6:10  Queen  
  73  6:13  Drone x4  
  73  6:14  Drone x2  
  73  6:16  Hatchery  
  78  6:22  Drone  
  78  6:23  Drone x3  
  80  6:29  Muscular Augments  
  78  6:37  Hydralisk  
  77  6:41  Hydralisk  
  77  6:45  Hydralisk x2  
  79  6:52  Hydralisk  
  79  6:53  Hydralisk  
  81  6:57  Hydralisk  
  81  6:58  Hydralisk  
  85  7:04  Overlord x2  
  85  7:14  Overlord  
  85  7:23  Hydralisk x4  
  93  7:30  Hydralisk  
  93  7:36  Zergling x8  
  97  7:52  Hydralisk  
  97  7:53  Hydralisk  
  97  7:54  Zergling x6  
  104  8:00  Hydralisk  
  104  8:03  Zergling x2  
  104  8:04  Zergling x6  
  110  8:07  Zergling x6  
  110  8:09  Overlord x2  
  113  8:15  Overlord  
  113  8:22  Overlord  
  113  8:28  Hydralisk x2  
  113  8:30  Zergling x4  
  113  8:33  Hydralisk  
  121  8:36  Zergling x4  
  121  8:37  Zergling x6  
  126  8:43  Hatchery  
Show
View Real Time Build Order
Export as new Build Order

Neeb Protoss - Winner!

Build Orders: 1 Gate Expand, Archon Immortal, Zealot Archon, Archon Drop, Dark Templar Rush 

Get SALT Encoding   

  12  0:01  Probe (Chrono Boost)  
  13  0:11  Probe (Chrono Boost)  
  14  0:19  Pylon  
  14  0:22  Probe (Chrono Boost)  
  15  0:37  Probe (Chrono Boost)  
  15  0:40  Gateway  
  16  0:44  Assimilator  
  16  0:48  Probe (Chrono Boost)  
  17  0:58  Probe (Chrono Boost), Pylon  
  18  1:09  Probe (Chrono Boost)  
  19  1:19  Probe (Chrono Boost)  
  20  1:27  Nexus  
  20  1:37  Cybernetics Core  
  21  1:40  Probe (Chrono Boost)  
  21  1:44  Assimilator  
  21  1:50  Probe (Chrono Boost)  
  21  1:54  Pylon  
  22  2:01  Probe (Chrono Boost)  
  23  2:12  Probe (Chrono Boost)  
  23  2:15  Adept (Chrono Boost)  
  26  2:16  Warp Gate  
  26  2:23  Probe  
  26  2:28  Twilight Council  
  27  2:35  Probe  
  28  2:39  Probe, Adept (Chrono Boost)  
  31  2:48  Probe  
  32  2:52  Robotics Facility  
  32  2:53  Probe (Chrono Boost)  
  33  3:00  Probe (Chrono Boost)  
  33  3:05  Probe (Chrono Boost)  
  35  3:10  Probe (Chrono Boost)  
  36  3:14  Dark Shrine  
  36  3:15  Probe (Chrono Boost)  
  37  3:21  Probe (Chrono Boost)  
  37  3:25  Gateway  
  37  3:26  Probe (Chrono Boost)  
  39  3:32  Probe (Chrono Boost)  
  40  3:41  Gateway  
  38  3:43  Warp Prism (Chrono Boost)  
  38  3:44  Gateway  
  39  3:50  Probe (Chrono Boost)  
  39  3:54  Probe (Chrono Boost)  
  41  4:00  Probe (Chrono Boost)  
  42  4:03  Pylon  
  42  4:07  Probe (Chrono Boost)  
  43  4:11  Probe (Chrono Boost), Pylon  
  43  4:16  Assimilator  
  44  4:18  Assimilator  
  44  4:19  Probe (Chrono Boost)  
  44  4:22  Probe (Chrono Boost)  
  46  4:24  Pylon  
  46  4:29  Probe (Chrono Boost)  
  47  4:32  Probe  
  48  4:41  Probe  
  48  4:42  Dark Templar x3  
  48  4:44  Dark Templar  
  57  4:45  Probe  
  58  4:53  Probe  
  58  4:58  Probe  
  58  4:59  Pylon  
  55  5:05  Probe  
  54  5:07  Pylon  
  54  5:10  Probe  
  54  5:12  Adept  
  55  5:15  Adept  
  55  5:16  Adept  
  55  5:17  Probe  
  55  5:19  Pylon  
  55  5:20  Pylon  
  60  5:22  Probe  
  60  5:24  Immortal  
  60  5:25  Pylon  
  61  5:34  Probe  
  66  5:40  Probe  
  67  5:46  Pylon  
  67  5:48  Zealot  
  69  5:50  Cybernetics Core, Charge  
  69  5:52  Zealot x2  
  69  5:55  Dark Templar, Archon  
  75  6:02  Archon  
  75  6:06  Observer  
  75  6:07  Nexus  
  75  6:09  Pylon  
  75  6:10  Probe  
  75  6:11  Probe  
  78  6:22  Probe  
  78  6:23  Probe, Immortal  
  84  6:34  Probe, Sentry  
  84  6:35  Probe, Sentry x2  
  92  6:40  Forge  
  92  6:42  Pylon  
  92  6:46  Probe  
  93  6:47  Probe  
  94  6:56  Pylon  
  94  6:59  Pylon  
  94  7:00  Probe, Mothership Core  
  97  7:05  Gateway  
  97  7:08  Gateway, Pylon  
  97  7:09  Gateway  
  97  7:12  Immortal  
  97  7:13  Protoss Ground Weapons Level 1 (Chrono Boost)  
  97  7:21  Probe  
  97  7:22  Probe x2  
  103  7:29  Assimilator  
  104  7:32  Probe  
  104  7:33  Assimilator, Templar Archives  
  104  7:34  Probe  
  104  7:35  Probe  
  107  7:39  Pylon  
  107  7:42  Probe  
  107  7:46  Probe  
  107  7:47  Probe  
  110  7:53  Probe  
  110  7:54  Zealot x4  
  119  7:59  Gateway  
  119  8:01  Immortal  
  119  8:02  Pylon  
  123  8:15  High Templar x3  
  123  8:16  High Templar  
  123  8:17  High Templar x2  
  123  8:18  Nexus  
  123  8:19  Zealot  
  137  8:21  Pylon  
  137  8:22  Archon x3  
  137  8:29  Pylon  
  137  8:32  Pylon  
  139  8:48  Dark Templar  
  137  8:49  Zealot x4  
  131  8:56  Zealot x2  
Tags
 
Add a new tag
Caveats
  • Supply blocks, unpowered buildings, or Contaminate may cause inaccurate times.
  • Supply counts are checked every 10 seconds.